[ AOE2 MATCH · #463516459 ]
Team RMPersians vs Mongols
[ REPLAY ANALYSIS · EXTRACTED FROM THE RECORDED GAME ]
Feudal
15:48
Castle
22:00
Imperial
—
| APM avg | 26.1 |
| APM peak | 63 |
| eAPM avg | 15.1 |
| Villagers / military | 148 / 47 |
Focus
⚔️ 10.9% · 🌾 89.1%
Knight ×46 · Monk ×1
Feudal
13:41
Castle
18:31
Imperial
38:55
| APM avg | 27.7 |
| APM peak | 77 |
| eAPM avg | 12.6 |
| Villagers / military | 109 / 41 |
Focus
⚔️ 19.9% · 🌾 80.1%
Conquistador ×35 · Battering Ram ×5 · Fishing Ship ×4 · Mangonel ×1
Feudal
12:56
Castle
19:21
Imperial
—
| APM avg | 21.7 |
| APM peak | 51 |
| eAPM avg | 14.1 |
| Villagers / military | 117 / 69 |
Focus
⚔️ 20.5% · 🌾 79.5%
Knight ×53 · Camel Scout ×13 · Spearman ×2 · Monk ×1
Feudal
15:15
Castle
23:56
Imperial
—
| APM avg | 51.1 |
| APM peak | 91 |
| eAPM avg | 26.0 |
| Villagers / military | 88 / 55 |
Focus
⚔️ 27.3% · 🌾 72.7%
Skirmisher ×39 · Mangudai ×4 · Steppe Lancer ×4 · Knight ×2 · Mangonel ×2 · Camel Scout ×2
Feudal
14:49
Castle
21:50
Imperial
38:18
| APM avg | 18.7 |
| APM peak | 39 |
| eAPM avg | 13.7 |
| Villagers / military | 95 / 12 |
Focus
⚔️ 22.6% · 🌾 77.4%
Fishing Ship ×9 · Galley ×6 · Mangonel ×4 · Scorpion ×2
Feudal
16:09
Castle
34:32
Imperial
—
| APM avg | 53.1 |
| APM peak | 108 |
| eAPM avg | 26.0 |
| Villagers / military | 44 / 16 |
Focus
⚔️ 42.3% · 🌾 57.7%
Archer ×16
Feudal
—
Castle
—
Imperial
—
| APM avg | 31.0 |
| APM peak | 86 |
| eAPM avg | 14.7 |
| Villagers / military | 56 / 0 |
Focus
⚔️ 28.1% · 🌾 71.9%
Fishing Ship ×8
Feudal
14:32
Castle
29:02
Imperial
—
| APM avg | 37.8 |
| APM peak | 101 |
| eAPM avg | 17.2 |
| Villagers / military | 67 / 73 |
Focus
⚔️ 39.8% · 🌾 60.2%
Archer ×64 · Skirmisher ×5 · Monk ×4
Match map
Initial resources + every placement click. Lines = walls · curves = elevation contours. ◆ gold · ⬟ stone · ● berries · ✦ relic · ◌ wall gap
Inputs per minute
— Hago una granja y voy - - Kajook
Build order — Hago una granja y voy
First 150 of 312 actions detected
| 2:08 | Build | Town Center |
| 3:44 | Build | House |
| 3:48 | Create | Villager (Male) |
| 3:48 | Create | Villager (Male) |
| 3:48 | Create | Villager (Male) |
| 3:49 | Create | Villager (Male) |
| 4:26 | Create | Villager (Male) |
| 4:26 | Create | Villager (Male) |
| 5:49 | Research | Loom |
| 6:02 | Create | Villager (Male) |
| 6:03 | Create | Villager (Male) |
| 6:14 | Create | Villager (Male) |
| 6:46 | Build | House |
| 6:56 | Create | Villager (Male) |
| 7:02 | Build | House |
| 7:32 | Build | House |
| 7:35 | Create | Villager (Male) |
| 8:24 | Create | Villager (Male) |
| 8:25 | Create | Villager (Male) |
| 8:38 | Create | Villager (Male) |
| 9:39 | Create | Villager (Male) |
| 9:41 | Create | Villager (Male) |
| 10:36 | Create | Villager (Male) |
| 10:59 | Create | Villager (Male) |
| 11:24 | Build | Mill |
| 11:45 | Create | Villager (Male) |
| 12:03 | Create | Villager (Male) |
| 12:30 | Create | Villager (Male) |
| 13:03 | Build | House |
| 13:18 | Create | Villager (Male) |
| 13:22 | Build | Lumber Camp |
| 13:39 | Build | Outpost |
| 13:44 | Research | Feudal Age |
| 13:54 | Build | Mining Camp |
| 14:38 | Build | Farm |
| 14:39 | Build | Farm |
| 14:41 | Build | Farm |
| 14:45 | Build | Farm |
| 15:14 | Build | Mining Camp |
| 15:48 | Age | Feudal Age |
| 16:02 | Build | Market |
| 16:21 | Create | Villager (Male) |
| 16:44 | Create | Villager (Male) |
| 16:48 | Build | Farm |
| 16:52 | Build | Farm |
| 17:02 | Create | Villager (Male) |
| 17:10 | Build | House |
| 17:30 | Create | Villager (Male) |
| 17:44 | Build | Farm |
| 17:52 | Create | Villager (Male) |
| 18:20 | Create | Villager (Male) |
| 18:31 | Build | Blacksmith |
| 18:59 | Create | Villager (Male) |
| 19:34 | Research | Castle Age |
| 19:51 | Build | Farm |
| 19:53 | Research | Double-Bit Axe |
| 20:07 | Research | Horse Collar |
| 21:15 | Build | House |
| 21:19 | Build | Barracks |
| 21:21 | Create | Villager (Male) |
| 21:21 | Create | Villager (Male) |
| 21:55 | Build | House |
| 22:00 | Age | Castle Age |
| 22:09 | Build | Town Center |
| 22:11 | Create | Villager (Male) |
| 22:33 | Build | Stable |
| 22:49 | Create | Villager (Male) |
| 22:57 | Build | Farm |
| 22:59 | Create | Villager (Male) |
| 22:59 | Create | Villager (Male) |
| 23:01 | Create | Villager (Male) |
| 23:01 | Create | Villager (Male) |
| 23:13 | Build | Farm |
| 23:23 | Build | House |
| 23:28 | Create | Villager (Male) |
| 23:39 | Build | House |
| 23:40 | Build | House |
| 23:47 | Research | Scale Barding Armor |
| 23:58 | Build | Farm |
| 24:01 | Build | Farm |
| 24:05 | Create | Villager (Male) |
| 24:05 | Create | Villager (Male) |
| 24:13 | Create | Villager (Male) |
| 24:13 | Create | Villager (Male) |
| 24:13 | Create | Villager (Male) |
| 24:14 | Create | Villager (Male) |
| 24:14 | Create | Villager (Male) |
| 24:33 | Build | House |
| 24:34 | Build | House |
| 24:36 | Create | Villager (Male) |
| 24:53 | Create | Villager (Male) |
| 24:54 | Create | Villager (Male) |
| 24:54 | Create | Villager (Male) |
| 25:00 | Build | Farm |
| 25:24 | Create | Knight |
| 25:24 | Create | Knight |
| 25:24 | Create | Knight |
| 25:58 | Build | Monastery |
| 26:02 | Create | Villager (Male) |
| 26:03 | Create | Villager (Male) |
| 26:03 | Create | Villager (Male) |
| 26:03 | Create | Villager (Male) |
| 26:04 | Create | Villager (Male) |
| 26:04 | Create | Villager (Male) |
| 26:04 | Create | Villager (Male) |
| 26:13 | Build | Farm |
| 26:37 | Create | Knight |
| 26:38 | Create | Knight |
| 26:38 | Create | Knight |
| 26:53 | Create | Monk |
| 26:57 | Build | House |
| 27:07 | Create | Villager (Male) |
| 27:21 | Create | Villager (Male) |
| 27:34 | Build | Farm |
| 27:34 | Build | Farm |
| 27:34 | Build | Farm |
| 27:34 | Build | Farm |
| 27:35 | Build | Farm |
| 27:35 | Build | Farm |
| 27:35 | Build | Farm |
| 27:35 | Build | Farm |
| 27:36 | Build | Farm |
| 27:40 | Create | Villager (Male) |
| 27:48 | Build | House |
| 28:18 | Build | Town Center |
| 28:20 | Create | Villager (Male) |
| 28:21 | Create | Villager (Male) |
| 28:21 | Create | Villager (Male) |
| 28:21 | Create | Villager (Male) |
| 28:22 | Create | Villager (Male) |
| 28:29 | Build | Farm |
| 28:37 | Create | Knight |
| 28:37 | Create | Knight |
| 28:51 | Build | Farm |
| 28:51 | Build | Farm |
| 28:52 | Build | Farm |
| 28:52 | Build | Farm |
| 28:52 | Build | Farm |
| 28:53 | Build | Farm |
| 29:02 | Build | House |
| 29:07 | Create | Villager (Male) |
| 29:07 | Create | Villager (Male) |
| 29:31 | Create | Villager (Male) |
| 29:35 | Create | Villager (Male) |
| 29:35 | Create | Villager (Male) |
| 29:36 | Create | Villager (Male) |
| 29:36 | Create | Villager (Male) |
| 29:36 | Create | Villager (Male) |
| 29:36 | Create | Villager (Male) |
| 29:43 | Build | Farm |
Build order — Kajook
First 150 of 252 actions detected
| 1:18 | Build | Town Center |
| 2:53 | Create | Villager (Male) |
| 2:54 | Create | Villager (Male) |
| 2:54 | Create | Villager (Male) |
| 2:54 | Create | Villager (Male) |
| 2:54 | Create | Villager (Male) |
| 3:47 | Build | House |
| 3:50 | Research | Loom |
| 4:03 | Create | Villager (Male) |
| 4:03 | Create | Villager (Male) |
| 4:04 | Create | Villager (Male) |
| 4:42 | Build | Dock |
| 4:47 | Build | House |
| 5:10 | Create | Villager (Male) |
| 5:10 | Create | Villager (Male) |
| 5:15 | Create | Fishing Ship |
| 5:36 | Create | Villager (Male) |
| 5:36 | Create | Villager (Male) |
| 5:57 | Create | Villager (Male) |
| 6:27 | Create | Villager (Male) |
| 6:28 | Create | Villager (Male) |
| 6:51 | Create | Villager (Male) |
| 6:51 | Create | Villager (Male) |
| 6:57 | Create | Fishing Ship |
| 7:13 | Build | House |
| 7:20 | Create | Villager (Male) |
| 7:42 | Create | Villager (Male) |
| 8:03 | Create | Villager (Male) |
| 8:15 | Create | Fishing Ship |
| 8:30 | Create | Villager (Male) |
| 8:39 | Create | Villager (Male) |
| 9:01 | Create | Villager (Male) |
| 9:06 | Build | House |
| 9:32 | Create | Villager (Male) |
| 9:50 | Create | Villager (Male) |
| 9:58 | Build | House |
| 10:04 | Create | Fishing Ship |
| 10:23 | Create | Villager (Male) |
| 10:30 | Build | Mill |
| 11:01 | Create | Villager (Male) |
| 11:14 | Build | Mining Camp |
| 11:28 | Research | Feudal Age |
| 12:56 | Build | Mining Camp |
| 13:30 | Build | House |
| 13:41 | Age | Feudal Age |
| 13:43 | Create | Villager (Male) |
| 13:44 | Create | Villager (Male) |
| 13:51 | Build | Market |
| 14:36 | Create | Villager (Male) |
| 14:45 | Build | Blacksmith |
| 14:49 | Create | Villager (Male) |
| 15:51 | Research | Castle Age |
| 15:51 | Research | Castle Age |
| 16:02 | Build | Lumber Camp |
| 16:45 | Research | Double-Bit Axe |
| 16:56 | Research | Horse Collar |
| 17:00 | Build | Farm |
| 17:01 | Build | Farm |
| 17:47 | Build | House |
| 17:55 | Build | Farm |
| 18:31 | Create | Villager (Male) |
| 18:31 | Age | Castle Age |
| 18:40 | Research | Bow Saw |
| 18:56 | Create | Villager (Male) |
| 19:08 | Build | Town Center |
| 19:27 | Create | Villager (Male) |
| 19:51 | Create | Villager (Male) |
| 20:00 | Create | Villager (Male) |
| 20:19 | Create | Villager (Male) |
| 20:20 | Create | Villager (Male) |
| 20:24 | Build | Farm |
| 20:26 | Build | Farm |
| 20:30 | Build | Farm |
| 20:44 | Build | Castle |
| 20:53 | Build | Farm |
| 21:06 | Build | Farm |
| 21:07 | Build | Farm |
| 21:08 | Build | Farm |
| 21:09 | Build | Farm |
| 21:11 | Create | Villager (Male) |
| 21:11 | Create | Villager (Male) |
| 21:17 | Create | Villager (Male) |
| 21:17 | Create | Villager (Male) |
| 21:41 | Build | Farm |
| 21:42 | Create | Villager (Male) |
| 21:42 | Create | Villager (Male) |
| 22:04 | Create | Villager (Male) |
| 22:04 | Create | Villager (Male) |
| 22:33 | Build | Mill |
| 22:35 | Create | Conquistador |
| 22:35 | Create | Conquistador |
| 22:50 | Create | Villager (Male) |
| 22:59 | Create | Villager (Male) |
| 22:59 | Create | Villager (Male) |
| 23:14 | Build | Farm |
| 23:18 | Build | Farm |
| 23:20 | Build | Farm |
| 23:24 | Build | Farm |
| 23:25 | Create | Villager (Male) |
| 23:25 | Create | Villager (Male) |
| 23:25 | Create | Villager (Male) |
| 23:31 | Create | Villager (Male) |
| 23:31 | Create | Villager (Male) |
| 23:42 | Build | Farm |
| 23:46 | Build | Farm |
| 23:48 | Create | Villager (Male) |
| 23:55 | Create | Conquistador |
| 23:56 | Create | Conquistador |
| 24:12 | Create | Conquistador |
| 24:17 | Create | Villager (Male) |
| 24:17 | Create | Villager (Male) |
| 24:26 | Create | Conquistador |
| 24:30 | Create | Villager (Male) |
| 24:31 | Create | Villager (Male) |
| 25:06 | Create | Conquistador |
| 25:07 | Create | Villager (Male) |
| 25:07 | Create | Villager (Male) |
| 25:07 | Create | Villager (Male) |
| 25:31 | Create | Villager (Male) |
| 25:31 | Create | Villager (Male) |
| 25:39 | Research | Stone Mining |
| 25:41 | Create | Villager (Male) |
| 25:41 | Create | Villager (Male) |
| 25:42 | Create | Conquistador |
| 25:42 | Create | Conquistador |
| 25:56 | Build | Barracks |
| 26:05 | Build | Farm |
| 26:07 | Research | Wheelbarrow |
| 26:15 | Build | House |
| 26:20 | Build | House |
| 26:21 | Build | House |
| 26:22 | Build | House |
| 26:38 | Create | Conquistador |
| 27:07 | Create | Conquistador |
| 27:12 | Build | Farm |
| 27:13 | Build | Farm |
| 27:24 | Build | Stable |
| 27:38 | Create | Conquistador |
| 27:39 | Create | Villager (Male) |
| 27:39 | Create | Villager (Male) |
| 27:42 | Research | Padded Archer Armor |
| 27:50 | Build | House |
| 27:51 | Create | Villager (Male) |
| 27:52 | Create | Villager (Male) |
| 28:02 | Build | House |
| 28:16 | Create | Conquistador |
| 28:26 | Research | Bloodlines |
| 28:27 | Research | Husbandry |
| 28:37 | Build | House |
| 28:39 | Build | House |
Build order — monje wololo
First 150 of 308 actions detected
| 0:45 | Build | Town Center |
| 1:31 | Build | House |
| 2:19 | Create | Villager (Male) |
| 2:19 | Create | Villager (Male) |
| 2:19 | Create | Villager (Male) |
| 2:20 | Create | Villager (Male) |
| 2:20 | Create | Villager (Male) |
| 2:21 | Create | Villager (Male) |
| 2:40 | Build | Mill |
| 3:58 | Create | Villager (Male) |
| 4:07 | Build | House |
| 4:20 | Research | Loom |
| 4:44 | Create | Villager (Male) |
| 4:45 | Create | Villager (Male) |
| 5:24 | Create | Villager (Male) |
| 5:24 | Create | Villager (Male) |
| 5:24 | Create | Villager (Male) |
| 5:46 | Create | Villager (Male) |
| 6:14 | Build | House |
| 6:35 | Create | Villager (Male) |
| 6:36 | Create | Villager (Male) |
| 6:36 | Create | Villager (Male) |
| 6:36 | Create | Villager (Male) |
| 7:33 | Create | Villager (Male) |
| 7:42 | Create | Villager (Male) |
| 7:52 | Create | Villager (Male) |
| 8:20 | Build | House |
| 8:41 | Create | Villager (Male) |
| 8:51 | Build | House |
| 9:23 | Create | Villager (Male) |
| 9:47 | Create | Villager (Male) |
| 9:54 | Create | Villager (Male) |
| 9:54 | Create | Villager (Male) |
| 10:06 | Build | Lumber Camp |
| 10:10 | Create | Villager (Male) |
| 10:22 | Create | Villager (Male) |
| 10:38 | Research | Feudal Age |
| 11:03 | Build | Barracks |
| 11:21 | Create | Villager (Male) |
| 11:35 | Create | Villager (Male) |
| 12:00 | Create | Villager (Male) |
| 12:01 | Create | Villager (Male) |
| 12:50 | Build | Mill |
| 12:56 | Age | Feudal Age |
| 12:59 | Create | Spearman |
| 12:59 | Create | Spearman |
| 13:02 | Create | Villager (Male) |
| 13:09 | Build | Mining Camp |
| 13:18 | Build | Blacksmith |
| 13:22 | Create | Villager (Male) |
| 13:43 | Research | Double-Bit Axe |
| 13:58 | Build | House |
| 14:27 | Build | House |
| 15:11 | Build | Market |
| 15:15 | Create | Villager (Male) |
| 15:17 | Create | Villager (Male) |
| 15:29 | Create | Villager (Male) |
| 15:47 | Create | Villager (Male) |
| 16:16 | Create | Villager (Male) |
| 16:33 | Research | Castle Age |
| 17:15 | Create | Villager (Male) |
| 17:17 | Create | Villager (Male) |
| 17:35 | Research | Stone Mining |
| 17:39 | Create | Villager (Male) |
| 17:46 | Build | Stable |
| 17:53 | Create | Villager (Male) |
| 18:31 | Research | Gold Mining |
| 19:21 | Age | Castle Age |
| 19:23 | Build | Town Center |
| 19:33 | Build | Town Center |
| 19:51 | Build | Mining Camp |
| 19:56 | Research | Bow Saw |
| 20:07 | Create | Villager (Male) |
| 20:25 | Create | Villager (Male) |
| 20:25 | Create | Villager (Male) |
| 20:31 | Create | Villager (Male) |
| 20:56 | Build | Lumber Camp |
| 21:08 | Create | Villager (Male) |
| 21:08 | Create | Villager (Male) |
| 21:44 | Create | Knight |
| 21:49 | Build | Stable |
| 21:54 | Create | Villager (Male) |
| 21:55 | Create | Villager (Male) |
| 21:58 | Build | Farm |
| 21:58 | Build | Farm |
| 21:59 | Build | Farm |
| 21:59 | Build | Farm |
| 22:29 | Create | Villager (Male) |
| 22:34 | Create | Knight |
| 22:34 | Create | Knight |
| 22:44 | Create | Knight |
| 22:52 | Create | Knight |
| 22:52 | Create | Knight |
| 23:09 | Build | Lumber Camp |
| 23:21 | Create | Villager (Male) |
| 23:34 | Create | Villager (Male) |
| 23:34 | Create | Villager (Male) |
| 23:37 | Build | Farm |
| 23:37 | Build | Farm |
| 23:37 | Build | Farm |
| 23:45 | Research | Horse Collar |
| 23:45 | Research | Horse Collar |
| 24:05 | Create | Villager (Male) |
| 24:06 | Create | Villager (Male) |
| 24:12 | Build | Farm |
| 24:12 | Build | Farm |
| 24:12 | Build | Farm |
| 24:13 | Build | Farm |
| 24:13 | Build | Farm |
| 24:17 | Create | Villager (Male) |
| 24:19 | Build | House |
| 24:20 | Build | House |
| 24:20 | Build | House |
| 24:49 | Create | Villager (Male) |
| 24:49 | Create | Villager (Male) |
| 24:51 | Create | Villager (Male) |
| 24:51 | Create | Villager (Male) |
| 25:02 | Build | Farm |
| 25:13 | Build | Farm |
| 25:15 | Research | Wheelbarrow |
| 25:19 | Create | Villager (Male) |
| 25:19 | Create | Villager (Male) |
| 25:49 | Research | Scale Barding Armor |
| 25:51 | Create | Villager (Male) |
| 25:51 | Create | Villager (Male) |
| 25:51 | Create | Villager (Male) |
| 25:57 | Build | Town Center |
| 25:59 | Create | Villager (Male) |
| 25:59 | Create | Villager (Male) |
| 26:09 | Create | Villager (Male) |
| 26:09 | Create | Villager (Male) |
| 26:25 | Build | Mining Camp |
| 26:42 | Create | Villager (Male) |
| 26:42 | Create | Villager (Male) |
| 26:42 | Create | Villager (Male) |
| 26:42 | Create | Villager (Male) |
| 26:59 | Build | Farm |
| 26:59 | Build | Farm |
| 26:59 | Build | Farm |
| 27:03 | Create | Villager (Male) |
| 27:03 | Create | Villager (Male) |
| 27:03 | Create | Villager (Male) |
| 27:19 | Create | Villager (Male) |
| 27:19 | Create | Villager (Male) |
| 27:19 | Create | Villager (Male) |
| 27:26 | Create | Villager (Male) |
| 27:26 | Create | Villager (Male) |
| 27:26 | Create | Villager (Male) |
| 27:44 | Create | Villager (Male) |
| 27:44 | Create | Villager (Male) |
Build order — DS_mikita
First 150 of 226 actions detected
| 1:46 | Build | Town Center |
| 3:28 | Create | Villager (Male) |
| 3:28 | Create | Villager (Male) |
| 3:28 | Create | Villager (Male) |
| 3:29 | Create | Villager (Male) |
| 3:29 | Create | Villager (Male) |
| 3:29 | Create | Villager (Male) |
| 4:16 | Build | House |
| 4:19 | Research | Loom |
| 4:19 | Research | Loom |
| 4:53 | Create | Villager (Male) |
| 4:54 | Create | Villager (Male) |
| 4:54 | Create | Villager (Male) |
| 5:18 | Create | Villager (Male) |
| 5:18 | Create | Villager (Male) |
| 6:08 | Create | Villager (Male) |
| 6:08 | Create | Villager (Male) |
| 6:33 | Create | Villager (Male) |
| 6:34 | Create | Villager (Male) |
| 6:34 | Create | Villager (Male) |
| 6:34 | Create | Villager (Male) |
| 6:48 | Build | House |
| 6:52 | Create | Villager (Male) |
| 6:52 | Create | Villager (Male) |
| 6:56 | Create | Villager (Male) |
| 6:57 | Create | Villager (Male) |
| 7:38 | Create | Villager (Male) |
| 7:39 | Create | Villager (Male) |
| 8:00 | Create | Villager (Male) |
| 8:01 | Create | Villager (Male) |
| 8:01 | Create | Villager (Male) |
| 8:38 | Build | Mill |
| 8:56 | Build | House |
| 9:00 | Create | Villager (Male) |
| 9:00 | Create | Villager (Male) |
| 9:00 | Create | Villager (Male) |
| 10:13 | Create | Villager (Male) |
| 11:03 | Create | Villager (Male) |
| 11:11 | Build | House |
| 11:33 | Create | Villager (Male) |
| 12:15 | Create | Villager (Male) |
| 12:15 | Create | Villager (Male) |
| 12:18 | Build | Lumber Camp |
| 12:49 | Research | Feudal Age |
| 12:49 | Research | Feudal Age |
| 13:31 | Create | Villager (Male) |
| 13:31 | Create | Villager (Male) |
| 13:42 | Build | House |
| 13:53 | Create | Villager (Male) |
| 14:35 | Create | Villager (Male) |
| 15:15 | Age | Feudal Age |
| 15:32 | Build | Barracks |
| 16:18 | Create | Villager (Male) |
| 16:38 | Build | Mining Camp |
| 16:52 | Research | Man-at-Arms (upgrade) |
| 17:02 | Create | Villager (Male) |
| 17:28 | Build | Mill |
| 17:49 | Build | Farm |
| 18:04 | Build | Farm |
| 18:09 | Create | Villager (Male) |
| 18:10 | Create | Villager (Male) |
| 18:17 | Build | Blacksmith |
| 18:53 | Build | House |
| 19:15 | Create | Villager (Male) |
| 19:16 | Create | Villager (Male) |
| 19:16 | Create | Villager (Male) |
| 19:32 | Build | Watch Tower |
| 20:00 | Build | Market |
| 20:01 | Create | Villager (Male) |
| 20:01 | Create | Villager (Male) |
| 20:22 | Build | House |
| 20:25 | Build | House |
| 20:33 | Build | Watch Tower |
| 20:37 | Build | House |
| 20:43 | Build | House |
| 20:53 | Build | Palisade Wall |
| 20:56 | Build | Palisade Wall |
| 21:00 | Research | Castle Age |
| 21:01 | Research | Castle Age |
| 21:20 | Build | Palisade Wall |
| 21:24 | Build | Palisade Wall |
| 21:27 | Build | Palisade Wall |
| 21:32 | Build | Palisade Wall |
| 22:43 | Build | Palisade Wall |
| 22:57 | Build | Palisade Wall |
| 23:11 | Build | Palisade Wall |
| 23:23 | Create | Villager (Male) |
| 23:27 | Create | Villager (Male) |
| 23:32 | Research | Double-Bit Axe |
| 23:56 | Age | Castle Age |
| 24:04 | Create | Villager (Male) |
| 24:04 | Create | Villager (Male) |
| 24:10 | Build | House |
| 24:34 | Build | Stable |
| 25:07 | Build | Town Center |
| 25:37 | Create | Villager (Male) |
| 25:38 | Create | Villager (Male) |
| 25:58 | Build | Archery Range |
| 26:02 | Build | Archery Range |
| 26:05 | Build | Farm |
| 26:05 | Build | Farm |
| 26:05 | Build | Farm |
| 26:05 | Build | Farm |
| 26:07 | Build | Farm |
| 26:09 | Build | Farm |
| 26:21 | Build | Farm |
| 26:22 | Build | Farm |
| 26:22 | Build | Farm |
| 26:22 | Build | Farm |
| 26:22 | Build | Farm |
| 26:23 | Build | Farm |
| 27:00 | Research | Elite Skirmisher (upgrade) |
| 27:00 | Research | Elite Skirmisher (upgrade) |
| 27:01 | Create | Villager (Male) |
| 27:01 | Create | Villager (Male) |
| 27:12 | Build | Farm |
| 27:15 | Create | Villager (Male) |
| 27:16 | Create | Villager (Male) |
| 27:29 | Create | Skirmisher |
| 27:29 | Create | Skirmisher |
| 27:30 | Create | Skirmisher |
| 27:30 | Create | Skirmisher |
| 27:45 | Build | Castle |
| 28:12 | Create | Skirmisher |
| 28:13 | Create | Skirmisher |
| 28:13 | Create | Skirmisher |
| 28:13 | Create | Skirmisher |
| 28:13 | Create | Skirmisher |
| 28:13 | Create | Skirmisher |
| 28:34 | Create | Skirmisher |
| 28:34 | Create | Skirmisher |
| 28:34 | Create | Skirmisher |
| 28:34 | Create | Skirmisher |
| 29:05 | Create | Skirmisher |
| 29:05 | Create | Skirmisher |
| 29:05 | Create | Skirmisher |
| 29:07 | Build | House |
| 29:41 | Research | Padded Archer Armor |
| 29:41 | Research | Padded Archer Armor |
| 29:45 | Build | Farm |
| 30:13 | Create | Villager (Male) |
| 30:13 | Create | Villager (Male) |
| 30:24 | Build | Castle |
| 30:36 | Create | Villager (Male) |
| 30:36 | Create | Villager (Male) |
| 30:46 | Build | Farm |
| 30:47 | Build | Farm |
| 30:48 | Build | Farm |
| 30:50 | Build | Farm |
| 31:01 | Create | Camel Scout |
Build order — Pepelu_wins
First 150 of 230 actions detected
| 0:32 | Build | Town Center |
| 2:05 | Build | House |
| 2:10 | Create | Villager (Male) |
| 2:10 | Create | Villager (Male) |
| 2:10 | Create | Villager (Male) |
| 2:10 | Create | Villager (Male) |
| 2:11 | Create | Villager (Male) |
| 2:15 | Research | Loom |
| 3:28 | Build | Dock |
| 3:45 | Build | Mill |
| 4:22 | Build | House |
| 4:54 | Create | Villager (Male) |
| 4:54 | Create | Villager (Male) |
| 5:26 | Create | Villager (Male) |
| 5:26 | Create | Villager (Male) |
| 5:58 | Create | Villager (Male) |
| 6:20 | Create | Fishing Ship |
| 6:30 | Create | Villager (Male) |
| 7:09 | Create | Fishing Ship |
| 7:17 | Create | Villager (Male) |
| 7:30 | Build | House |
| 7:47 | Create | Villager (Male) |
| 7:55 | Create | Fishing Ship |
| 8:04 | Build | House |
| 8:19 | Create | Villager (Male) |
| 8:29 | Create | Fishing Ship |
| 8:46 | Create | Fishing Ship |
| 9:01 | Create | Villager (Male) |
| 9:21 | Create | Villager (Male) |
| 9:37 | Build | Dock |
| 9:47 | Create | Villager (Male) |
| 10:11 | Build | Mill |
| 10:16 | Create | Villager (Male) |
| 10:16 | Create | Villager (Male) |
| 10:40 | Create | Fishing Ship |
| 10:52 | Build | House |
| 11:02 | Create | Villager (Male) |
| 11:23 | Create | Fishing Ship |
| 11:48 | Build | House |
| 12:39 | Research | Feudal Age |
| 13:43 | Build | Lumber Camp |
| 14:11 | Create | Villager (Male) |
| 14:11 | Create | Villager (Male) |
| 14:12 | Create | Villager (Male) |
| 14:17 | Build | House |
| 14:49 | Age | Feudal Age |
| 15:08 | Build | Outpost |
| 15:31 | Build | Town Center |
| 15:37 | Research | Double-Bit Axe |
| 15:47 | Build | Outpost |
| 15:54 | Create | Villager (Male) |
| 15:54 | Create | Villager (Male) |
| 16:39 | Create | Villager (Male) |
| 16:59 | Build | Outpost |
| 17:04 | Create | Villager (Male) |
| 17:05 | Create | Villager (Male) |
| 17:18 | Create | Villager (Male) |
| 17:18 | Create | Villager (Male) |
| 17:32 | Build | Market |
| 17:39 | Build | Outpost |
| 17:52 | Build | Outpost |
| 18:04 | Build | Blacksmith |
| 18:51 | Build | Outpost |
| 19:11 | Research | Castle Age |
| 19:26 | Build | Watch Tower |
| 19:32 | Create | Villager (Male) |
| 19:32 | Create | Villager (Male) |
| 20:02 | Build | Outpost |
| 21:02 | Create | Villager (Male) |
| 21:02 | Create | Villager (Male) |
| 21:02 | Create | Villager (Male) |
| 21:03 | Create | Villager (Male) |
| 21:03 | Create | Villager (Male) |
| 21:04 | Research | Wheelbarrow |
| 21:25 | Research | Horse Collar |
| 21:47 | Create | Galley |
| 21:50 | Age | Castle Age |
| 21:52 | Create | Galley |
| 21:59 | Research | Fletching |
| 22:02 | Create | Villager (Male) |
| 22:02 | Create | Villager (Male) |
| 22:32 | Create | Villager (Male) |
| 22:33 | Create | Villager (Male) |
| 23:05 | Build | Siege Workshop |
| 23:08 | Create | Villager (Male) |
| 23:08 | Create | Villager (Male) |
| 23:08 | Create | Villager (Male) |
| 23:08 | Create | Villager (Male) |
| 23:25 | Create | Mangonel |
| 23:54 | Build | Town Center |
| 23:57 | Create | Villager (Male) |
| 23:58 | Create | Villager (Male) |
| 24:12 | Build | House |
| 24:48 | Create | Villager (Male) |
| 25:39 | Build | Town Center |
| 25:47 | Create | Scorpion |
| 26:01 | Create | Villager (Male) |
| 26:03 | Create | Villager (Male) |
| 26:04 | Create | Villager (Male) |
| 26:20 | Build | Farm |
| 26:21 | Build | Farm |
| 26:40 | Create | Villager (Male) |
| 26:40 | Create | Villager (Male) |
| 26:48 | Build | House |
| 26:49 | Build | House |
| 26:50 | Build | House |
| 26:55 | Research | Bow Saw |
| 27:08 | Build | Outpost |
| 27:19 | Create | Villager (Male) |
| 27:20 | Create | Villager (Male) |
| 27:20 | Create | Villager (Male) |
| 27:41 | Create | Villager (Male) |
| 27:41 | Create | Villager (Male) |
| 27:55 | Create | Scorpion |
| 28:14 | Build | Farm |
| 28:16 | Build | Farm |
| 28:16 | Build | Farm |
| 28:17 | Build | Farm |
| 28:20 | Build | Farm |
| 28:31 | Create | Villager (Male) |
| 28:31 | Create | Villager (Male) |
| 28:32 | Create | Villager (Male) |
| 28:32 | Create | Villager (Male) |
| 28:51 | Create | Galley |
| 28:52 | Create | Galley |
| 29:07 | Create | Villager (Male) |
| 29:24 | Build | Outpost |
| 29:28 | Research | Town Watch |
| 29:32 | Create | Villager (Male) |
| 29:32 | Create | Villager (Male) |
| 29:36 | Create | Villager (Male) |
| 29:38 | Create | Villager (Male) |
| 29:42 | Build | House |
| 29:43 | Build | House |
| 29:49 | Build | House |
| 29:51 | Build | House |
| 29:58 | Create | Villager (Male) |
| 29:59 | Create | Villager (Male) |
| 30:03 | Build | Lumber Camp |
| 30:23 | Research | Bodkin Arrow |
| 30:32 | Build | Outpost |
| 30:47 | Build | Mining Camp |
| 31:00 | Create | Galley |
| 31:01 | Create | Galley |
| 31:18 | Build | Dock |
| 31:45 | Build | Farm |
| 31:47 | Build | Farm |
| 31:48 | Build | Farm |
| 31:53 | Create | Villager (Male) |
| 31:53 | Create | Villager (Male) |
Build order — Ale Vai
First 150 of 166 actions detected
| 1:25 | Build | Town Center |
| 3:10 | Create | Villager (Male) |
| 3:10 | Create | Villager (Male) |
| 3:10 | Create | Villager (Male) |
| 4:17 | Create | Villager (Male) |
| 4:17 | Create | Villager (Male) |
| 4:17 | Create | Villager (Male) |
| 4:55 | Create | Villager (Male) |
| 4:56 | Create | Villager (Male) |
| 4:57 | Create | Villager (Male) |
| 5:27 | Create | Villager (Male) |
| 6:07 | Create | Villager (Male) |
| 6:22 | Research | Loom |
| 7:05 | Create | Villager (Male) |
| 7:05 | Create | Villager (Male) |
| 7:05 | Create | Villager (Male) |
| 7:48 | Create | Villager (Male) |
| 7:55 | Build | Lumber Camp |
| 8:22 | Create | Villager (Male) |
| 8:22 | Create | Villager (Male) |
| 8:22 | Create | Villager (Male) |
| 9:41 | Create | Villager (Male) |
| 10:19 | Create | Villager (Male) |
| 10:47 | Create | Villager (Male) |
| 11:09 | Create | Villager (Male) |
| 11:37 | Build | Mill |
| 11:41 | Create | Villager (Male) |
| 11:53 | Create | Villager (Male) |
| 12:25 | Build | Farm |
| 12:25 | Build | Farm |
| 12:30 | Create | Villager (Male) |
| 12:33 | Create | Villager (Male) |
| 13:36 | Build | Lumber Camp |
| 13:59 | Research | Feudal Age |
| 13:59 | Research | Feudal Age |
| 14:50 | Build | Barracks |
| 15:52 | Create | Villager (Male) |
| 16:09 | Age | Feudal Age |
| 16:16 | Build | Palisade Wall |
| 16:27 | Build | Palisade Wall |
| 16:29 | Build | Palisade Wall |
| 16:31 | Build | Palisade Wall |
| 16:40 | Research | Town Watch |
| 16:43 | Build | Palisade Wall |
| 16:44 | Build | Palisade Wall |
| 16:55 | Build | Town Center |
| 16:58 | Build | Palisade Wall |
| 17:20 | Build | Palisade Wall |
| 17:22 | Build | Palisade Wall |
| 17:25 | Build | Palisade Wall |
| 17:27 | Build | Palisade Wall |
| 17:31 | Build | Palisade Wall |
| 17:47 | Research | Double-Bit Axe |
| 17:47 | Create | Villager (Male) |
| 18:08 | Build | Stable |
| 18:21 | Research | Town Watch |
| 18:40 | Build | Palisade Wall |
| 18:42 | Research | Wheelbarrow |
| 18:44 | Build | Palisade Wall |
| 18:44 | Build | Palisade Wall |
| 19:06 | Build | Palisade Wall |
| 19:20 | Build | Palisade Wall |
| 19:26 | Build | Building 800 |
| 19:29 | Build | Palisade Wall |
| 19:35 | Build | Farm |
| 19:37 | Build | Palisade Wall |
| 19:42 | Build | Palisade Wall |
| 19:47 | Create | Villager (Male) |
| 19:48 | Create | Villager (Male) |
| 19:55 | Build | Archery Range |
| 20:11 | Build | Palisade Wall |
| 20:48 | Create | Villager (Male) |
| 21:13 | Build | Mill |
| 21:17 | Create | Villager (Male) |
| 21:27 | Create | Villager (Male) |
| 21:29 | Create | Archer |
| 21:29 | Create | Archer |
| 21:29 | Create | Archer |
| 21:30 | Create | Archer |
| 21:52 | Build | Mining Camp |
| 22:02 | Create | Villager (Male) |
| 22:12 | Create | Villager (Male) |
| 22:18 | Build | Farm |
| 22:19 | Build | Farm |
| 22:25 | Build | Farm |
| 22:30 | Build | Farm |
| 22:34 | Build | Blacksmith |
| 22:37 | Create | Villager (Male) |
| 22:59 | Build | Palisade Wall |
| 23:00 | Build | Palisade Wall |
| 23:05 | Build | Palisade Wall |
| 23:07 | Research | Fletching |
| 23:07 | Research | Fletching |
| 23:14 | Build | Palisade Wall |
| 23:15 | Build | Palisade Wall |
| 23:28 | Build | Palisade Wall |
| 23:30 | Build | Palisade Wall |
| 23:31 | Create | Archer |
| 23:32 | Create | Archer |
| 23:38 | Build | Palisade Wall |
| 24:00 | Create | Archer |
| 24:16 | Build | Town Center |
| 24:33 | Create | Archer |
| 25:10 | Create | Archer |
| 25:11 | Create | Archer |
| 25:36 | Build | Barracks |
| 26:07 | Build | Watch Tower |
| 26:24 | Create | Villager (Male) |
| 26:44 | Build | Palisade Wall |
| 27:42 | Research | Padded Archer Armor |
| 27:42 | Create | Villager (Male) |
| 27:46 | Build | Farm |
| 27:48 | Build | Farm |
| 27:48 | Build | Farm |
| 28:14 | Build | Farm |
| 28:16 | Build | Farm |
| 28:39 | Build | Watch Tower |
| 28:44 | Build | Lumber Camp |
| 28:46 | Create | Villager (Male) |
| 28:56 | Create | Archer |
| 28:56 | Create | Archer |
| 28:56 | Create | Archer |
| 28:57 | Create | Archer |
| 29:18 | Create | Villager (Male) |
| 29:19 | Create | Villager (Male) |
| 29:25 | Build | Farm |
| 29:46 | Create | Archer |
| 29:46 | Create | Archer |
| 29:47 | Create | Villager (Male) |
| 29:54 | Build | Farm |
| 29:58 | Create | Villager (Male) |
| 30:23 | Create | Villager (Male) |
| 30:45 | Build | Palisade Wall |
| 30:48 | Build | Palisade Wall |
| 30:50 | Build | Palisade Wall |
| 30:53 | Build | Palisade Wall |
| 30:56 | Build | Palisade Wall |
| 30:58 | Build | Palisade Wall |
| 31:00 | Build | Palisade Wall |
| 31:08 | Build | Market |
| 31:14 | Build | Palisade Wall |
| 31:16 | Build | Palisade Wall |
| 31:44 | Build | Mining Camp |
| 31:52 | Research | Castle Age |
| 32:15 | Build | Farm |
| 32:21 | Build | Lumber Camp |
| 32:33 | Build | Farm |
| 32:58 | Build | Palisade Wall |
| 32:59 | Build | Palisade Wall |
| 33:04 | Build | Mining Camp |
Build order — Bubbs
97 actions detected in the replay
| 3:24 | Build | Town Center |
| 4:46 | Build | House |
| 5:10 | Create | Villager (Male) |
| 5:11 | Create | Villager (Male) |
| 5:11 | Create | Villager (Male) |
| 5:11 | Create | Villager (Male) |
| 5:17 | Create | Villager (Male) |
| 6:49 | Create | Villager (Male) |
| 6:49 | Create | Villager (Male) |
| 7:03 | Create | Villager (Male) |
| 7:48 | Research | Loom |
| 8:28 | Create | Villager (Male) |
| 8:28 | Create | Villager (Male) |
| 8:52 | Create | Villager (Male) |
| 8:52 | Create | Villager (Male) |
| 8:59 | Build | House |
| 9:03 | Create | Villager (Male) |
| 9:37 | Create | Villager (Male) |
| 9:38 | Create | Villager (Male) |
| 9:43 | Build | House |
| 9:57 | Create | Villager (Male) |
| 9:58 | Create | Villager (Male) |
| 10:14 | Build | Palisade Wall |
| 10:22 | Build | Palisade Wall |
| 10:45 | Create | Villager (Male) |
| 10:46 | Create | Villager (Male) |
| 12:36 | Build | Town Center |
| 13:38 | Create | Villager (Male) |
| 13:39 | Create | Villager (Male) |
| 15:28 | Create | Villager (Male) |
| 15:29 | Create | Villager (Male) |
| 16:35 | Create | Villager (Male) |
| 16:36 | Create | Villager (Male) |
| 17:42 | Create | Villager (Male) |
| 18:14 | Create | Villager (Male) |
| 19:16 | Build | Town Center |
| 20:23 | Build | Town Center |
| 21:04 | Create | Villager (Male) |
| 25:36 | Create | Villager (Male) |
| 25:36 | Create | Villager (Male) |
| 26:20 | Build | Lumber Camp |
| 26:35 | Create | Villager (Male) |
| 26:47 | Build | Dock |
| 27:13 | Create | Villager (Male) |
| 27:13 | Create | Villager (Male) |
| 27:18 | Build | House |
| 27:42 | Create | Fishing Ship |
| 27:42 | Create | Fishing Ship |
| 28:21 | Build | House |
| 28:39 | Build | House |
| 28:45 | Create | Villager (Male) |
| 28:45 | Create | Villager (Male) |
| 29:26 | Create | Fishing Ship |
| 30:08 | Create | Fishing Ship |
| 30:09 | Create | Fishing Ship |
| 30:25 | Build | House |
| 30:48 | Create | Villager (Male) |
| 30:48 | Create | Villager (Male) |
| 31:45 | Build | Mining Camp |
| 31:48 | Create | Villager (Male) |
| 32:29 | Build | Palisade Wall |
| 32:31 | Create | Villager (Male) |
| 32:31 | Create | Villager (Male) |
| 32:39 | Create | Fishing Ship |
| 32:40 | Create | Fishing Ship |
| 33:29 | Create | Villager (Male) |
| 33:29 | Create | Villager (Male) |
| 33:50 | Create | Villager (Male) |
| 34:14 | Create | Villager (Male) |
| 34:35 | Build | Lumber Camp |
| 34:41 | Create | Fishing Ship |
| 34:49 | Build | House |
| 36:04 | Create | Villager (Male) |
| 36:09 | Create | Villager (Male) |
| 36:09 | Create | Villager (Male) |
| 36:09 | Create | Villager (Male) |
| 36:17 | Build | House |
| 36:17 | Build | House |
| 36:17 | Build | House |
| 36:17 | Build | House |
| 36:57 | Build | Town Center |
| 37:26 | Build | House |
| 37:35 | Build | House |
| 37:36 | Build | House |
| 37:58 | Create | Villager (Male) |
| 37:58 | Create | Villager (Male) |
| 38:22 | Build | Outpost |
| 38:35 | Build | Lumber Camp |
| 38:36 | Create | Villager (Male) |
| 38:37 | Create | Villager (Male) |
| 38:49 | Build | Outpost |
| 39:15 | Create | Villager (Male) |
| 39:21 | Build | House |
| 39:43 | Create | Villager (Male) |
| 39:43 | Create | Villager (Male) |
| 40:02 | Create | Villager (Male) |
| 40:17 | Build | Town Center |
Build order — Alejandro Manco
First 150 of 257 actions detected
| 1:15 | Build | House |
| 1:31 | Build | Town Center |
| 3:44 | Create | Villager (Male) |
| 3:45 | Create | Villager (Male) |
| 3:45 | Create | Villager (Male) |
| 4:37 | Create | Villager (Male) |
| 5:13 | Create | Villager (Male) |
| 5:48 | Create | Villager (Male) |
| 6:16 | Create | Villager (Male) |
| 6:17 | Create | Villager (Male) |
| 6:17 | Create | Villager (Male) |
| 6:29 | Create | Villager (Male) |
| 6:29 | Create | Villager (Male) |
| 6:46 | Research | Loom |
| 6:48 | Build | House |
| 6:56 | Create | Villager (Male) |
| 6:57 | Create | Villager (Male) |
| 7:57 | Create | Villager (Male) |
| 8:16 | Create | Villager (Male) |
| 8:25 | Build | House |
| 8:42 | Create | Villager (Male) |
| 9:07 | Build | Mill |
| 9:38 | Create | Villager (Male) |
| 9:39 | Create | Villager (Male) |
| 10:13 | Create | Villager (Male) |
| 10:46 | Create | Villager (Male) |
| 10:57 | Create | Villager (Male) |
| 11:48 | Build | Lumber Camp |
| 11:58 | Build | House |
| 12:22 | Research | Feudal Age |
| 12:30 | Build | Mining Camp |
| 12:35 | Build | House |
| 12:36 | Build | Palisade Wall |
| 13:55 | Build | Barracks |
| 14:25 | Build | Palisade Wall |
| 14:32 | Age | Feudal Age |
| 14:39 | Create | Villager (Male) |
| 14:55 | Build | Archery Range |
| 15:00 | Build | Palisade Wall |
| 15:02 | Create | Villager (Male) |
| 15:04 | Build | House |
| 15:11 | Build | Archery Range |
| 15:13 | Create | Villager (Male) |
| 15:23 | Research | Double-Bit Axe |
| 15:45 | Create | Villager (Male) |
| 15:56 | Build | Farm |
| 15:57 | Build | Mining Camp |
| 16:02 | Build | Farm |
| 16:07 | Create | Villager (Male) |
| 16:10 | Create | Archer |
| 16:11 | Create | Archer |
| 16:22 | Create | Villager (Male) |
| 16:24 | Build | Farm |
| 16:28 | Create | Archer |
| 16:28 | Create | Archer |
| 16:35 | Build | Farm |
| 16:39 | Create | Villager (Male) |
| 16:47 | Build | Palisade Wall |
| 16:55 | Create | Villager (Male) |
| 16:57 | Create | Archer |
| 17:07 | Build | Blacksmith |
| 17:15 | Build | House |
| 17:19 | Research | Town Watch |
| 17:20 | Create | Archer |
| 17:20 | Create | Archer |
| 17:34 | Create | Villager (Male) |
| 17:44 | Build | House |
| 17:44 | Build | House |
| 17:52 | Create | Villager (Male) |
| 17:54 | Create | Archer |
| 17:56 | Build | Farm |
| 18:16 | Create | Archer |
| 18:23 | Build | Palisade Wall |
| 18:25 | Build | Palisade Wall |
| 18:31 | Create | Archer |
| 18:31 | Create | Archer |
| 19:08 | Create | Archer |
| 19:09 | Create | Villager (Male) |
| 19:11 | Build | House |
| 19:11 | Build | House |
| 19:16 | Create | Archer |
| 19:20 | Build | Farm |
| 19:21 | Build | Farm |
| 19:21 | Build | Farm |
| 19:21 | Build | Farm |
| 19:30 | Create | Archer |
| 19:37 | Build | Palisade Wall |
| 19:48 | Create | Archer |
| 19:49 | Create | Villager (Male) |
| 19:50 | Create | Villager (Male) |
| 19:55 | Build | Farm |
| 20:08 | Build | Farm |
| 20:11 | Build | House |
| 20:50 | Create | Archer |
| 20:50 | Create | Archer |
| 20:54 | Research | Fletching |
| 21:03 | Build | Palisade Wall |
| 21:26 | Create | Archer |
| 21:26 | Create | Archer |
| 21:30 | Build | Farm |
| 21:31 | Build | Mining Camp |
| 21:33 | Build | Farm |
| 21:36 | Create | Villager (Male) |
| 21:36 | Create | Villager (Male) |
| 22:08 | Create | Villager (Male) |
| 22:08 | Create | Villager (Male) |
| 22:12 | Build | Farm |
| 22:28 | Create | Archer |
| 22:28 | Create | Archer |
| 22:32 | Build | Farm |
| 22:33 | Build | Farm |
| 22:36 | Create | Villager (Male) |
| 22:36 | Create | Villager (Male) |
| 23:09 | Create | Archer |
| 23:09 | Create | Archer |
| 23:22 | Create | Villager (Male) |
| 23:22 | Create | Villager (Male) |
| 23:56 | Create | Archer |
| 23:57 | Create | Archer |
| 23:59 | Build | House |
| 24:01 | Build | House |
| 24:42 | Research | Padded Archer Armor |
| 25:06 | Create | Villager (Male) |
| 25:20 | Build | Farm |
| 25:50 | Build | Market |
| 25:51 | Build | Farm |
| 25:54 | Build | Palisade Wall |
| 26:22 | Research | Castle Age |
| 26:22 | Research | Castle Age |
| 26:28 | Build | Archery Range |
| 26:41 | Build | Palisade Wall |
| 27:39 | Build | Mining Camp |
| 27:43 | Create | Archer |
| 27:44 | Create | Archer |
| 27:44 | Create | Archer |
| 27:56 | Create | Archer |
| 27:57 | Create | Archer |
| 27:57 | Create | Archer |
| 28:15 | Create | Villager (Male) |
| 28:20 | Build | Lumber Camp |
| 28:30 | Create | Archer |
| 28:31 | Create | Archer |
| 28:36 | Build | Lumber Camp |
| 29:02 | Age | Castle Age |
| 29:04 | Research | Crossbowman (upgrade) |
| 29:05 | Research | Bodkin Arrow |
| 29:09 | Build | Monastery |
| 29:15 | Build | Mining Camp |
| 29:24 | Research | Bow Saw |
| 29:26 | Create | Villager (Male) |
Match timeline
| 3:28 | Pepelu_wins · first_building Dock |
| 4:42 | Kajook · first_building Dock |
| 10:14 | Bubbs · wall_segment Palisade Wall x1 |
| 10:22 | Bubbs · wall_segment Palisade Wall x1 |
| 11:03 | monje wololo · first_building Barracks |
| 12:36 | Alejandro Manco · wall_segment Palisade Wall x4 |
| 12:56 | monje wololo · age_up feudal |
| 13:41 | Kajook · age_up feudal |
| 13:55 | Alejandro Manco · first_building Barracks |
| 14:25 | Alejandro Manco · wall_segment Palisade Wall x6 |
| 14:32 | Alejandro Manco · age_up feudal |
| 14:49 | Pepelu_wins · age_up feudal |
| 14:50 | Ale Vai · first_building Barracks |
| 14:55 | Alejandro Manco · first_building Archery Range |
| 15:00 | Alejandro Manco · wall_segment Palisade Wall x2 |
| 15:15 | DS_mikita · age_up feudal |
| 15:32 | DS_mikita · first_building Barracks |
| 15:48 | Hago una granja y voy · age_up feudal |
| 16:09 | Ale Vai · age_up feudal |
| 16:16 | Ale Vai · wall_segment Palisade Wall x3 |
| 16:27 | Ale Vai · wall_segment Palisade Wall x1 |
| 16:29 | Ale Vai · wall_segment Palisade Wall x1 |
| 16:31 | Ale Vai · wall_segment Palisade Wall x1 |
| 16:43 | Ale Vai · wall_segment Palisade Wall x1 |
| 16:44 | Ale Vai · wall_segment Palisade Wall x1 |
| 16:47 | Alejandro Manco · wall_segment Palisade Wall x2 |
| 16:58 | Ale Vai · wall_segment Palisade Wall x1 |
| 17:20 | Ale Vai · wall_segment Palisade Wall x1 |
| 17:21 | Hago una granja y voy · first_market_sell 100 stone |
| 17:22 | Ale Vai · wall_segment Palisade Wall x1 |
| 17:23 | Hago una granja y voy · first_market_buy 100 food |
| 17:25 | Ale Vai · wall_segment Palisade Wall x1 |
| 17:27 | Ale Vai · wall_segment Palisade Wall x1 |
| 17:31 | Ale Vai · wall_segment Palisade Wall x1 |
| 17:46 | monje wololo · first_building Stable |
| 18:08 | Ale Vai · first_building Stable |
| 18:23 | Alejandro Manco · wall_segment Palisade Wall x2 |
| 18:25 | Alejandro Manco · wall_segment Palisade Wall x4 |
| 18:31 | Kajook · age_up castle |
| 18:40 | Ale Vai · wall_segment Palisade Wall x1 |
| 18:44 | Ale Vai · wall_segment Palisade Wall x1 |
| 18:44 | Ale Vai · wall_segment Palisade Wall x1 |
| 19:06 | Ale Vai · wall_segment Palisade Wall x1 |
| 19:16 | Pepelu_wins · first_market_buy 100 stone |
| 19:20 | Ale Vai · wall_segment Palisade Wall x1 |
| 19:21 | monje wololo · age_up castle |
| 19:29 | Ale Vai · wall_segment Palisade Wall x1 |
| 19:37 | Alejandro Manco · wall_segment Palisade Wall x4 |
| 19:37 | Ale Vai · wall_segment Palisade Wall x1 |
| 19:42 | Ale Vai · wall_segment Palisade Wall x1 |
| 19:55 | Ale Vai · first_building Archery Range |
| 20:11 | Ale Vai · wall_segment Palisade Wall x1 |
| 20:44 | Kajook · first_building Castle |
| 20:53 | DS_mikita · wall_segment Palisade Wall x1 |
| 20:56 | DS_mikita · wall_segment Palisade Wall x1 |
| 21:03 | Alejandro Manco · wall_segment Palisade Wall x14 |
| 21:19 | Hago una granja y voy · first_building Barracks |
| 21:20 | DS_mikita · wall_segment Palisade Wall x1 |
| 21:24 | DS_mikita · wall_segment Palisade Wall x1 |
| 21:27 | DS_mikita · wall_segment Palisade Wall x1 |
| 21:32 | DS_mikita · wall_segment Palisade Wall x1 |
| 21:50 | Pepelu_wins · age_up castle |
| 22:00 | Hago una granja y voy · age_up castle |
| 22:33 | Hago una granja y voy · first_building Stable |
| 22:43 | DS_mikita · wall_segment Palisade Wall x1 |
| 22:57 | DS_mikita · wall_segment Palisade Wall x1 |
| 22:59 | Ale Vai · wall_segment Palisade Wall x1 |
| 23:00 | Ale Vai · wall_segment Palisade Wall x1 |
| 23:05 | Ale Vai · wall_segment Palisade Wall x1 |
| 23:05 | Pepelu_wins · first_building Siege Workshop |
| 23:11 | DS_mikita · wall_segment Palisade Wall x1 |
| 23:14 | Ale Vai · wall_segment Palisade Wall x1 |
| 23:15 | Ale Vai · wall_segment Palisade Wall x1 |
| 23:28 | Ale Vai · wall_segment Palisade Wall x1 |
| 23:30 | Ale Vai · wall_segment Palisade Wall x1 |
| 23:38 | Ale Vai · wall_segment Palisade Wall x1 |
| 23:56 | DS_mikita · age_up castle |
| 24:34 | DS_mikita · first_building Stable |
| 25:54 | Alejandro Manco · wall_segment Palisade Wall x11 |
| 25:56 | Kajook · first_building Barracks |
| 25:58 | DS_mikita · first_building Archery Range |
| 25:58 | Hago una granja y voy · first_building Monastery |
| 26:41 | Alejandro Manco · wall_segment Palisade Wall x2 |
| 26:43 | DS_mikita · first_market_buy 100 wood |
| 26:44 | Ale Vai · wall_segment Palisade Wall x1 |
| 26:47 | Bubbs · first_building Dock |
| 26:58 | DS_mikita · first_market_sell 100 wood |
| 27:24 | Kajook · first_building Stable |
| 27:45 | DS_mikita · first_building Castle |
| 28:01 | monje wololo · first_building Monastery |
| 29:02 | Alejandro Manco · age_up castle |
| 29:09 | Alejandro Manco · first_building Monastery |
| 30:45 | Ale Vai · wall_segment Palisade Wall x1 |
| 30:48 | Ale Vai · wall_segment Palisade Wall x1 |
| 30:50 | Ale Vai · wall_segment Palisade Wall x1 |
| 30:53 | Ale Vai · wall_segment Palisade Wall x2 |
| 30:56 | Ale Vai · wall_segment Palisade Wall x1 |
| 30:58 | Ale Vai · wall_segment Palisade Wall x1 |
| 31:00 | Ale Vai · wall_segment Palisade Wall x1 |
| 31:14 | Ale Vai · wall_segment Palisade Wall x1 |
| 31:16 | Ale Vai · wall_segment Palisade Wall x1 |
| 31:35 | Kajook · first_building Siege Workshop |
| 32:27 | monje wololo · first_building Castle |
| 32:29 | Bubbs · wall_segment Palisade Wall x11 |
| 32:39 | DS_mikita · first_building Siege Workshop |
| 32:58 | Ale Vai · wall_segment Palisade Wall x1 |
| 32:59 | Ale Vai · wall_segment Palisade Wall x1 |
| 33:10 | Ale Vai · wall_segment Stone Wall x1 |
| 33:10 | Ale Vai · wall_segment Stone Wall x1 |
| 33:11 | Ale Vai · wall_segment Stone Wall x1 |
| 33:15 | Ale Vai · wall_segment Stone Wall x1 |
| 33:15 | Ale Vai · wall_segment Stone Wall x1 |
| 33:16 | Ale Vai · wall_segment Stone Wall x1 |
| 34:32 | Ale Vai · age_up castle |
| 34:44 | Ale Vai · wall_segment Palisade Wall x1 |
| 34:48 | Ale Vai · first_market_sell 500 wood |
| 34:50 | Ale Vai · first_market_buy 500 stone |
| 35:08 | Ale Vai · first_building Castle |
| 35:37 | Hago una granja y voy · first_building Castle |
| 35:48 | DS_mikita · first_building Monastery |
| 36:06 | Pepelu_wins · first_building Barracks |
| 36:08 | Ale Vai · wall_segment Stone Wall x10 |
| 36:35 | Ale Vai · wall_segment Stone Wall x9 |
| 37:24 | Pepelu_wins · first_building Stable |
| 37:49 | Ale Vai · wall_segment Palisade Wall x1 |
| 38:02 | Alejandro Manco · first_building Castle |
| 38:18 | Pepelu_wins · age_up imperial |
| 38:55 | Kajook · age_up imperial |
| 39:21 | DS_mikita · resign |
[ AI ANALYSIS · 1 CREDIT ]
What really happened in this match?
Wolo.gg analyzes every decision: build order, eco, micro, common mistakes by bracket. Personalized analysis on WhatsApp or Discord in 30 seconds.
Civ guide
Persians
Map guide
Shipwreck
Perfil
Jugador #3424088